 Dungeon Sprint DCSS version 0.29.1-12-g30fa7ad0bf (webtiles) character file.

Game seed: 13890113830104988439

501 Groucho the Nimble (level 6, -5/28 HPs)
             Began as a Spriggan Earth Elementalist on Jan 4, 2023.
             Was a Follower of Vehumet.
             Killed from afar by a deep elf pyromancer (33 damage)
             ... with a bolt of fire
             ... in the Dungeon (Sprint III: "The Ten Rune Challenge").
             The game lasted 00:06:45 (1645 turns).

Groucho the Nimble (Spriggan Earth Elementalist)    Turns: 1645, Time: 00:06:46

Health: -5/28      AC:  2    Str:  4    XL:     6   Next: 95%
Magic:  16/17      EV: 22    Int: 18    God:    Vehumet [*.....]
Gold:   32         SH:  0    Dex: 16    Spells: 16/20 levels left

rFire   . . .      SeeInvis +   i - +0 dagger (venom)
rCold   . . .      Faith    .   (no shield)
rNeg    . . .      Spirit   .   a - +0 robe
rPois   .          Reflect  .   (helmet restricted)
rElec   .          Harm     .   (no cloak)
rCorr   .          Rampage  .   (gloves unavailable)
Will    +....      NoTele   +   (boots unavailable)
Stlth   ++........              (no amulet)
HPRegen 0.09/turn               (no ring)
MPRegen 0.15/turn               (no ring)

@: very quick
A: very small, no large weapons, unfitting armour, see invisible, speed 3,
antennae 1, fangs 1
a: Renounce Religion


You were in the Dungeon.
You worshipped Vehumet.
Vehumet was aware of your devotion.
You visited 1 branch You collected 32 gold pieces.

Inventory:

Hand Weapons
 i - a +0 dagger of venom (weapon)
Armour
 a - a +0 robe (worn)
Scrolls
 c - 2 scrolls of immolation {unknown}
 g - 3 scrolls of blinking
 h - a scroll of magic mapping {unknown}
 j - a scroll of identify {unknown}
Potions
 b - 3 potions of magic
 d - a potion of might
 e - a potion of haste
 f - a potion of berserk rage
 k - a potion of curing
 l - 3 potions of mutation
 m - a potion of flight {unknown}


   Skills:
 + Level 8.2 Dodging
 - Level 3.0 Stealth
 + Level 7.5 Spellcasting
 * Level 5.2 Conjurations
 + Level 7.7 Transmutations
 * Level 8.1 Earth Magic


You had 16 spell levels left.
You knew the following spells:

 Your Spells              Type           Power      Damage    Failure   Level
a - Sandblast             Erth           72%        2d16      1%          1
b - Stone Arrow           Conj/Erth      60%        3d10      1%          3

Your spell library contained the following spells:

 Spells                   Type           Power      Damage    Failure   Level
 Shock                    Conj/Air       64%        1d7       3%          1
 Magic Dart               Conj           100%       1d8       1%          1
 Passwall                 Tmut/Erth      29%        N/A       1%          2
 Searing Ray              Conj           50%        2d6       1%          2
 Petrify                  Tmut/Erth      35%        N/A       3%          4
 Gell's Gravitas          Tloc           6%         N/A       30%         3
 Teleport Other           Tloc           6%         N/A       30%         3
 Fulminant Prism          Conj/Hex       8%         3d7       34%         4
 Dispersal                Tloc           3%         N/A       100%        6


Dungeon Overview and Level Annotations

Branches:
Dungeon (1/1)

Altars:
Dithmenos
Elyvilon
Kikubaaqudgha
Okawaru
Ru
Sif Muna
Trog
Uskayaw
Vehumet
Wu Jian
Yredelemnul
Zin
The Shining One


Innate Abilities, Weirdness & Mutations

You are very small and have problems with some larger weapons.
You are too small for most types of armour.
You have supernaturally acute eyesight. (SInv)
You cover ground extremely quickly. (Speed+++)
You have a pair of small antennae on your head.
You have very sharp teeth.


Message History

You kill the human!
Vehumet accepts your kill.
You feel your power returning.
Your Dodging skill increases to level 8!
Your Conjurations skill increases to level 5!
Your Earth Magic skill increases to level 8!
Unknown command.
Unknown command.
Things that are here:
a +0 hand axe; a human corpse You start resting.
Magic restored.
You start resting.
You start resting.
HP restored.
You start waiting.
Done waiting.
There is an open door to the Ecumenical Temple here.
There is a fountain of clear blue water here.
d - a potion of might
There is an open door here.
Okay, then.
You open the door.
Found a glowing silver altar of Zin.
Found a glowing golden altar of the Shining One.
Found a white marble altar of Elyvilon.
A deep elf pyromancer comes into view.
It is wielding a +1 long sword of holy wrath.
Found a potion of heal wounds.
Casting: Sandblast (safe; 1% risk of failure)
Confirm with . or Enter, or press ? or * to list all spells.
Aiming: Sandblast (safe; 1% risk of failure)
Press: ? - help, Shift-Dir - straight line, f - deep elf pyromancer
Aim: a deep elf pyromancer, wielding a +1 long sword of holy wrath (asleep, 100% to hit)
The blast of sand hits the deep elf pyromancer!
The deep elf pyromancer is moderately wounded.
The deep elf pyromancer shouts!
The deep elf pyromancer gestures at you while chanting.
The bolt of fire hits you!!
Ouch! That really hurt!
You die...

▓▓▓▓▓ ▓▓▓ #[..####
##.############
#......#####..#___#___#__#
#.......#..#..#!..#__.#._#
##.##..[#..#..###e#'###)##
##.###..##'#..#..........#
###.##..###...'.@........#
#..##..####...#...######+#
...##..###....#)⌠.# {
..##...##.....#...#
.##....#......#'###
###..##.#.....#...# #
#..#####....#___# ▓ ▓▓▓▓
▓▓▓▓▓▓▓▓▓▓


You could see a deep elf pyromancer.

Vanquished Creatures
  A necrophage (D)
  A water elemental (D)
  Jessica (D)
  A necromancer (D)
  A wizard (D)
  3 humans (D)
  A kobold demonologist (D)
  A phantom (D)
  An endoplasm (D)
  A rat (D)
12 creatures vanquished.

Notes
Turn   | Place    | Note
-------+----------+-------------------------------------------
     0 | D        | Groucho the Spriggan Earth Elementalist began the quest for
                  | the Orb.
     0 | D        | Reached XP level 1. HP: 9/9 MP: 5/5
   304 | D        | Noticed Jessica
   305 | D        | Killed Jessica
   306 | D        | Reached XP level 2. HP: 13/13 MP: 5/8
   550 | D        | Reached XP level 3. HP: 5/16 MP: 4/9
   570 | D        | Gained mutation: Your flesh is heat resistant. (rF+)
                  | [potion of mutation]
   570 | D        | Gained mutation: You are clumsy. (Dex -2) [potion of
                  | mutation]
   570 | D        | Lost mutation: Your flesh is heat resistant. (rF+) [potion
                  | of mutation]
   571 | D        | Lost mutation: You are clumsy. (Dex -2) [potion of
                  | mutation]
   571 | D        | Gained mutation: Your system is resistant to poisons.
                  | (rPois) [potion of mutation]
   571 | D        | Gained mutation: You are dopey. (Int -2) [potion of
                  | mutation]
   572 | D        | Lost mutation: Your system is resistant to poisons. (rPois)
                  | [potion of mutation]
   572 | D        | Lost mutation: You are dopey. (Int -2) [potion of mutation]
   572 | D        | Gained mutation: You have very sharp teeth. [potion of
                  | mutation]
   572 | D        | Gained mutation: You have a pair of small antennae on your
                  | head. [potion of mutation]
   763 | D        | Noticed a water elemental
   796 | D        | Killed a water elemental
   797 | D        | Reached skill level 5 in Dodging
   797 | D        | Reached skill level 5 in Spellcasting
   797 | D        | Reached skill level 5 in Transmutations
   797 | D        | Reached skill level 5 in Earth Magic
   797 | D        | Reached XP level 4. HP: 21/21 MP: 6/12
   801 | D        | Learned a level 3 spell: Stone Arrow
  1014 | D        | Found a radiant altar of Vehumet.
  1019 | D        | Found a shimmering blue altar of Sif Muna.
  1019 | D        | Noticed a wizard
  1022 | D        | Killed a wizard
  1023 | D        | Reached XP level 5. HP: 24/24 MP: 10/14
  1024 | D        | Noticed a rust devil
  1027 | D        | Found an ancient bone altar of Kikubaaqudgha.
  1037 | D        | Became a worshipper of Vehumet
  1218 | D        | Found a shadowy altar of Dithmenos.
  1225 | D        | Found a basalt altar of Yredelemnul.
  1225 | D        | Found a sacrificial altar of Ru.
  1344 | D        | Found a hide-covered altar of Uskayaw.
  1344 | D        | Found an iron altar of Okawaru.
  1346 | D        | Found a bloodstained altar of Trog.
  1347 | D        | Found an ornate altar of the Wu Jian Council.
  1347 | D        | Noticed a human
  1348 | D        | Noticed a human
  1350 | D        | Killed a human
  1350 | D        | Reached * piety under Vehumet
  1350 | D        | Offered knowledge of Shock by Vehumet.
  1351 | D        | Reached XP level 6. HP: 28/28 MP: 12/17
  1390 | D        | Killed a human
  1391 | D        | Reached skill level 5 in Conjurations
  1639 | D        | Found a glowing silver altar of Zin.
  1640 | D        | Found a glowing golden altar of the Shining One.
  1641 | D        | Found a white marble altar of Elyvilon.
  1642 | D        | Noticed a deep elf pyromancer
  1645 | D        | Killed from afar by a deep elf pyromancer

Illustrated notes

Levels and vault maps discovered:
D:        dungeon_sprint_mu [sprint_mu_entry_cave, sprint_mu_temple_rooms,
          sprint_mu_d1_spiders, sprint_mu_d2_genie, sprint_mu_d3_branching,
          sprint_mu_orc_legion, sprint_mu_elf_gauntlet, sprint_mu_hive_nellie,
          sprint_mu_lair_fedhas, sprint_mu_vaults_butterflies,
          sprint_mu_slime_circle, sprint_mu_swamp_cave, sprint_mu_snake_twists,
          sprint_mu_blade_basic, sprint_mu_crypt_chambers,
          sprint_mu_tomb_spiral, sprint_mu_vestibule_basic,
          sprint_mu_gehenna_hellfire, sprint_mu_dis_giant,
          sprint_mu_tartarus_statrot, sprint_mu_cocytus_islands, sprint_mu_zot1]

Skill      XL: |  1  2  3  4  5  6 |
---------------+-------------------+-----
Dodging        | 4 5 6 7 8 |  8.2
Earth Magic    | 4 5 6 7 8 |  8.1
Spellcasting   | 4 5 7 |  7.5
Transmutations | 3 5 7 |  7.7
Conjurations   | 2 4 5 |  5.2
Stealth        | |  3.0

Action                   |  1- 3 |  4- 6 || total
-------------------------+-------+-------++-------
 Cast: Sandblast         |    20 |    19 ||    39
  Use: Potion            |     5 |       ||     5
Dodge: Dodged            |     6 |     4 ||    10
